 Dungeon Crawl Stone Soup version 0.29-a0-839-g4793fd635e (webtiles) character file.

Game seed: 15355365783084212557

246 27snakeeyes612 the Cudgeller (level 5, -5/53 HPs)
             Began as a Troll Berserker on July 14, 2022.
             Was a Priest of Trog.
             Slain by an orc warrior
             ... wielding a +0 battleaxe
              (7 damage)
             ... on level 5 of the Dungeon.
             The game lasted 00:03:58 (3482 turns).

27snakeeyes612 the Cudgeller (Troll Berserker)      Turns: 3482, Time: 00:03:59

Health: -5/53      AC:  4    Str: 30    XL:     5   Next: 84%
Magic:  0/4        EV: 14    Int:  3    God:    Trog [***...]
Gold:   340        SH:  0    Dex:  9    Spells: 4/4 levels left

rFire   . . .      SeeInvis +   o - +10 sling of Usio {freeze, Str+3}
rCold   . . .      Faith    .   (no shield)
rNeg    . . .      Spirit   +   b - +0 animal skin
rPois   .          Reflect  .   (helmet restricted)
rElec   .          Harm     .   (no cloak)
rCorr   .          Rampage  .   (gloves unavailable)
Will    ++...                   (boots unavailable)
Stlth   +.........              q - amulet of guardian spirit
HPRegen 1.97/turn               s - +4 ring of evasion
MPRegen 0.09/turn               f - ring of see invisible

@: strong-willed, regenerating
A: large, unfitting armour, claws 3, regeneration 1, shaggy fur 1, tough skin 1
a: Renounce Religion, Berserk, Trog's Hand


You were on level 5 of the Dungeon.
You worshipped Trog.
Trog was most pleased with you.
You visited 1 branch of the dungeon, and saw 5 of its levels.

You collected 340 gold pieces.

Inventory:

Hand Weapons
 a - a +0 mace
 l - a +0 flail
 o - the +10 sling of Usio (weapon) {freeze, Str+3}
   (You found it on level 3 of the Dungeon)

   Any ammunition fired from it freezes those it strikes, dealing additional
   cold damage.
   It can also slow down cold-blooded creatures.
   Str:       It affects your strength (+3).
Missiles
 c - 6 datura-tipped darts
 k - 11 poisoned darts
Armour
 b - a +0 animal skin (worn)
Jewellery
 f - a ring of see invisible (right claw)
 i - a ring of fire
 q - an amulet of guardian spirit (around neck)
 s - a +4 ring of evasion (left claw)
Scrolls
 d - a scroll of noise {unknown}
 e - 2 scrolls of fog
 g - 5 scrolls of teleportation
 j - 2 scrolls of vulnerability {unknown}
 p - a scroll of torment {unknown}
 t - 3 scrolls of identify
 x - a scroll of enchant armour {unknown}
Potions
 h - 4 potions of curing
 m - a potion of mutation {unknown}
 n - 4 potions of heal wounds {unknown}
 r - a potion of berserk rage {unknown}
 u - a potion of haste {unknown}
 v - 2 potions of ambrosia {unknown}
 w - a potion of degeneration {unknown}
 z - a potion of magic {unknown}


   Skills:
 + Level 3.3 Fighting
 + Level 3.7 Maces & Flails
 + Level 1.1 Ranged Weapons
 + Level 2.2 Throwing
 + Level 3.3 Dodging


You had 4 spell levels left.
You didn't know any spells.
Your spell library was empty.

Dungeon Overview and Level Annotations

Branches:
Dungeon (5/15)             Temple (0/1) D:5

Altars:
Ashenzari
Cheibriados
Hepliaklqana
Kikubaaqudgha
Makhleb
Nemelex Xobeh
Okawaru
Qazlal
Ru
Vehumet
Xom
Yredelemnul


Innate Abilities, Weirdness & Mutations

You are too large for most types of armour.
You have claws for hands.
Your natural rate of healing is unusually fast.
You are covered in fur. (AC +1)
You have tough skin. (AC +1)


Message History

You shoot a sling bullet.
The sling bullet hits the orc warrior but does no damage.
The orc warrior is moderately wounded.
The orc warrior completely misses you.
You shoot a sling bullet. The sling bullet hits the orc warrior.
The sling bullet freezes the orc warrior.
The orc warrior is moderately wounded.
The orc warrior hits you with a +0 battleaxe!!
You shoot a sling bullet.
The sling bullet closely misses the orc warrior.
The orc warrior completely misses you. x2
You shoot a sling bullet.
The sling bullet barely misses the orc warrior.
The orc warrior completely misses you.
You shoot a sling bullet.
The sling bullet barely misses the orc warrior.
The orc warrior hits you with a +0 battleaxe!
You shoot a sling bullet.
The sling bullet hits the orc warrior but does no damage.
The orc warrior is moderately wounded.
The orc warrior hits you with a +0 battleaxe! x2
* * * LOW HITPOINT WARNING * * *
You are too injured to fight recklessly!
You are too injured to fight recklessly!
You are too injured to fight recklessly!
You are too injured to fight recklessly!
You are too injured to fight recklessly!
You are too injured to fight recklessly!
You are too injured to fight recklessly!
Your skin crawls.
You feel strong-willed.
The orc warrior hits you with a +0 battleaxe!
* * * LOW HITPOINT WARNING * * *
Okay, then.
It was a potion of curing.
You feel better.
The orc warrior hits you with a +0 battleaxe!
* * * LOW HITPOINT WARNING * * *
The orc warrior attacks as you move away!
The orc warrior hits you with a +0 battleaxe!
You die...

#.........##.#####.##
#.#####...#........#####
#.# #.>.####..........
..# ##..#....†........
#.. #..#.##.......... #.
#..# #.......... #..#
+.[........ ..######..#
#..†.......
..))..o@..######.#######
######...........#
#..............#
#..............#
#...<.........##
#.##..........#
#.............#
#####.######### #.#


You could see an orc warrior.

Vanquished Creatures
  A necrophage (D:5)
  An iguana (D:4)
  A gnoll (D:1)
  4 adders
  An ufetubus (D:5)
  3 dart slugs (D:1)
  5 orcs
  8 ball pythons
  7 endoplasms
  8 giant cockroaches
  4 goblins
  6 hobgoblins
  8 jackals
  4 quokkas
  5 bats
  6 frilled lizards
  6 kobolds
  8 rats
86 creatures vanquished.

Notes
Turn   | Place    | Note
-------+----------+-------------------------------------------
     0 | D:1      | 27snakeeyes612 the Troll Berserker began the quest for the
                  | Orb.
     0 | D:1      | Reached XP level 1. HP: 22/22 MP: 0/0
   100 | D:1      | Reached XP level 2. HP: 23/29 MP: 1/1
   281 | D:1      | Found a faded altar of an unknown god.
   419 | D:1      | Reached skill level 1 in Throwing
   419 | D:1      | Reached XP level 3. HP: 36/36 MP: 2/2
   901 | D:2      | Reached ** piety under Trog
  1079 | D:2      | You fall into a shaft and drop 2 floors!
  1471 | D:2      | Reached XP level 4. HP: 44/44 MP: 3/3
  1732 | D:3      | Identified the +10 sling of Usio {freeze, Str+3}
  1817 | D:3      | Found a radiant altar of Vehumet.
  1817 | D:3      | Found an iron altar of Okawaru.
  1906 | D:3      | Found a shimmering altar of Xom.
  1906 | D:3      | Found a sparkling altar of Nemelex Xobeh.
  1906 | D:3      | Found an ancient bone altar of Kikubaaqudgha.
  1907 | D:3      | Found a basalt altar of Yredelemnul.
  2320 | D:4      | Reached *** piety under Trog
  2322 | D:4      | Found a snail-covered altar of Cheibriados.
  2439 | D:4      | Found a broken altar of Ashenzari.
  2617 | D:4      | Reached XP level 5. HP: 53/53 MP: 4/4
  2831 | D:4      | Found a burning altar of Makhleb.
  2832 | D:4      | Found a sacrificial altar of Ru.
  2834 | D:4      | Found a stormy altar of Qazlal.
  2836 | D:4      | Found a hazy altar of Hepliaklqana.
  2953 | D:4      | Identified the +0 robe "Zougicu" {rC+}
  3351 | D:5      | Entered Level 5 of the Dungeon
  3421 | D:5      | Reached skill level 1 in Ranged Weapons
  3430 | D:5      | Found a staircase to the Ecumenical Temple.
  3468 | D:5      | Noticed an orc warrior
  3481 | D:5      | HP: 2/53 [orc warrior/+0 battleaxe (15)]
  3482 | D:5      | Slain by an orc warrior

Illustrated notes

Levels and vault maps discovered:
D:1:      co_arrival_random_square_maze, layout_loops_ring,
          chequers_ecumenical_altar_island, hangedman_decor_push
D:2:      layout_loops_corners, minmay_worlds_worst_comb
D:3:      layout_loops_ring, grunt_temple_overflow_open, st_stairs_13
D:4:      layout_gridville, minitemple, serial_co_window_serial,
          co_window_paths_a, co_window_paths_b, co_window_paths_b,
          co_window_of_opportunity_a, co_window_corner_a, co_window_corner_a,
          co_window_paths_b, co_window_2corner, co_window_2corner,
          co_window_corner_cb, co_window_corner_b, co_window_corner_b,
          co_window_corner_b, glass_columns_a, glass_columns_c,
          due_unseen_surprise
D:5:      layout_basic, minmay_temple_entry_glass, minivault_27

Skill      XL: |  1  2  3  4  5 |
---------------+----------------+-----
Maces & Flails | 3 |  3.7
Throwing       | 1 2 |  2.2
Dodging        | 3 |  3.3
Fighting       | 3 |  3.3
Ranged Weapons | 1 |  1.1

Action                   |  1- 3 |  4- 6 || total
-------------------------+-------+-------++-------
Melee: Mace              |   163 |     7 ||   170
       Flail             |       |    31 ||    31
       Punch             |       |     1 ||     1
 Fire: Sling             |       |    84 ||    84
Invok: Trog's Hand       |       |     1 ||     1
  Use: Scroll            |     4 |       ||     4
       Potion            |       |     1 ||     1
 Stab: Sleeping          |     2 |       ||     2
Armor: Animal skin       |    69 |    36 ||   105
Dodge: Dodged            |    94 |    78 ||   172

Table legend: (Time is in decaauts)
 A = Elapsed time spent in this place.
 B = Non-inter-level travel time spent in this place.
 C = Inter-level travel time spent in this place.
 D = Time resting spent in this place.
 E = Time spent auto-exploring this place.
 F = Levels seen in this place.
 G = Mean time per level.
                   A        B        C        D        E       F      G
               +--------+--------+--------+--------+--------+-----+--------+
         Total |   3562 |   3437 |    125 |     10 |   2637 |   5 |  712.4 |
       Dungeon |   3562 |   3437 |    125 |     10 |   2637 |   5 |  712.4 |
               +--------+--------+--------+--------+--------+-----+--------+

Top non-repeatable levels by time:
     D:4: 1059 daAuts
     D:2: 878 daAuts
     D:1: 805 daAuts
     D:3: 674 daAuts
     D:5: 144 daAuts
